 Dungeon Crawl Stone Soup version 0.26-a0-602-gd42a14c23b (webtiles) character file.

Game seed: 8853294455723402187

557992 Hores the Scorcher (level 26, -2/182 HPs)
             Began as a Gargoyle Earth Elementalist on Aug 30, 2020.
             Was the Champion of Vehumet.
             Slain by a titan zombie (21 damage)
             ... on level 3 of the Crypt.
             The game lasted 03:12:30 (58909 turns).

Hores the Scorcher (Gargoyle Earth Elementalist)   Turns: 58909, Time: 03:12:31

Health: -2/182     AC: 39    Str: 14    XL:     26   Next: 54%
Magic:  17/42      EV: 22    Int: 28    God:    Vehumet [******]
Gold:   4141       SH:  0    Dex: 16    Spells: 8/55 levels left

rFire    . . .     SeeInvis +   b - +7 eveningstar (holy)
rCold    . . .     Faith    .   (no shield)
rNeg     + . .     Spirit   .   K - +5 troll leather armour of Runiul {+Inv rPois Regen+}
rPois    ∞         Reflect  .   C - +2 helmet {SInv}
rElec    +         Harm     .   S - +2 cloak {rCorr}
rCorr    +                      h - +2 pair of gloves
MR       +....                  B - +0 pair of boots of Time Monsters {+Inv Dex+2}
Stlth    +++.......             x - amulet of Midnight {Regen+ Str+2 Dex+4}
HPRegen  1.20/turn              w - +4 ring of slaying
MPRegen  0.28/turn              u - +4 ring of slaying

@: flying, slowed, studying Armour, lightly drained, very slow
A: big wings, blurry vision 1, deformed body, negative energy resistance 1,
robust 1, electricity resistance, unbreathing, petrification resistance, rot
immunity, sturdy frame 1, AC +20
}: 3/15 runes: decaying, serpentine, abyssal
a: Stop Flying, Renounce Religion, Evoke Invisibility


You were on level 3 of the Crypt.
You worshipped Vehumet.
Vehumet was exalted by your worship.
You visited 10 branches of the dungeon, and saw 45 of its levels.
You visited the Abyss 2 times.
You also visited: Bailey, Ice Cave, Volcano and Wizlab.

You collected 10751 gold pieces.
You spent 6610 gold pieces at shops.

Inventory:

Hand Weapons
 b - a +7 eveningstar of holy wrath (weapon)
 j - a +3 vampiric eveningstar
 I - a +9 demon whip of protection
 Z - the +9 double sword of Gallantry {protect, *Drain MR+ Int+2 Dex+4}
   (You found it on level 10 of the Dungeon)

   It grants its wielder temporary protection when it strikes (+7 to AC).
   It affects your intelligence (+2).
   It affects your dexterity (+4).
   It affects your resistance to hostile enchantments.
   It causes draining when unequipped.
Missiles
 c - 6 throwing nets (quivered)
Armour
 h - a +2 pair of gloves (worn)
 B - the +0 pair of boots of Time Monsters (worn) {+Inv Dex+2}
   (You acquired it on level 6 of the Lair of Beasts)

   It affects your dexterity (+2).
   It lets you turn invisible.
 C - a +2 helmet of see invisible (worn)
 K - the +5 troll leather armour of Runiul (worn) {+Inv rPois Regen+}
   (You bought it in a shop on level 2 of the Orcish Mines)

   It protects you from poison.
   It lets you turn invisible.
   It increases your rate of regeneration.
 S - a +2 cloak of preservation (worn)
Jewellery
 u - a +4 ring of slaying (right hand)
 w - a +4 ring of slaying (left hand)
 x - the amulet of Midnight (around neck) {Regen+ Str+2 Dex+4}
   (You found it on level 3 of the Vaults)

   [amulet of regeneration]

   It affects your strength (+2).
   It affects your dexterity (+4).
   It increases your rate of regeneration.
 D - the amulet of Generosity {RegenMP SInv}
   (You took it off a mummy priest on level 3 of the Elven Halls)

   [amulet of magic regeneration]

   It increases your magic regeneration.
   It lets you see invisible.
Wands
 p - a wand of iceblast (52)
 F - a wand of digging (21)
 V - a wand of disintegration (34)
 X - a wand of acid (33)
Scrolls
 a - 9 scrolls of blinking
 g - 3 scrolls of fear
 i - 5 scrolls of fog
 k - 11 scrolls of amnesia
 r - 30 scrolls of remove curse
 s - 3 scrolls of holy word
 y - a scroll of magic mapping
 A - 9 scrolls of teleportation
 H - 12 scrolls of identify
 R - 6 scrolls of summoning
Potions
 e - 20 potions of curing
 l - 6 potions of invisibility
 m - 7 potions of haste
 n - 2 potions of magic
 q - 13 potions of cancellation
 t - 6 potions of brilliance
 z - 9 potions of ambrosia
 G - 3 potions of stabbing
 M - 10 potions of berserk rage
 N - 4 potions of resistance
 P - 2 potions of might
 Q - 2 potions of heal wounds
 Y - 4 potions of mutation
Books
 T - a manual of Armour
Miscellaneous
 d - a condenser vane (2/2)
 f - a phantom mirror
 o - a box of beasts (3/3)
 v - a tin of tremorstones (3/3)
 E - a lightning rod (4/4)


   Skills:
 + Level 17.1(16.7) Fighting
 - Level 14.1(13.7) Maces & Flails
 - Level 6.0(5.6) Armour
 + Level 13.8(13.3) Dodging
 - Level 5.0(4.7) Stealth
 + Level 15.4(15.0) Spellcasting
 + Level 17.5(17.1) Conjurations
   Level 0.7(0.4) Transmutations
 * Level 20.5(20.0) Fire Magic
 + Level 20.3(19.9) Earth Magic
 - Level 10.0(9.6) Evocations


You had 8 spell levels left.
You knew the following spells:

 Your Spells              Type           Power        Failure   Level
a - Shatter               Erth           #######...   19%         9
b - Stone Arrow           Conj/Erth      ######       0%          3
c - Lee's Rapid Deconstr  Erth           #######...   0%          5
d - Iron Shot             Conj/Erth      #######...   1%          6
e - Fireball              Conj/Fire      #######...   1%          5
f - Starburst             Conj/Fire      #######...   1%          6
g - Ignition              Fire           #######...   1%          8
h - Borgnjor's Vile Clut  Necr/Erth      ######....   1%          5

Your spell library contained the following spells:

 Spells                   Type           Power        Failure   Level
 Tornado                  Air            ###.......   100%        9
 Foxfire                  Conj/Fire      ####         0%          1
 Magic Dart               Conj           ####         0%          1
 Sandblast                Erth           ######       0%          1
 Conjure Flame            Conj/Fire      #######.     0%          3
 Sticky Flame             Conj/Fire      #######.     0%          4
 Beastly Appendage        Tmut           ###...       1%          1
 Freeze                   Ice            ###.         1%          1
 Shock                    Conj/Air       ####         1%          1
 Passwall                 Tmut/Erth      ######..     1%          2
 Dazzling Flash           Conj/Hex       ######       1%          3
 Ignite Poison            Fire/Tmut/Pois ######..     1%          3
 Inner Flame              Hex/Fire       ######..     1%          3
 Mephitic Cloud           Conj/Pois/Air  ######..     1%          3
 Static Discharge         Conj/Air       ######..     1%          3
 Fulminant Prism          Conj/Hex       ######....   1%          4
 Hailstorm                Conj/Ice       ######..     1%          4
 Leda's Liquefaction      Hex/Erth       ######....   1%          4
 Petrify                  Tmut/Erth      ######..     1%          4
 Bolt of Magma            Conj/Fire/Erth #######...   1%          5
 Irradiate                Conj/Tmut      ######....   1%          5
 Iskenderun's Battlesphe  Conj           #######.     1%          5
 Lightning Bolt           Conj/Air       ######....   1%          5
 Orb of Destruction       Conj           #######...   1%          7
 Apportation              Tloc           ###...       2%          1
 Corona                   Hex            ###....      2%          1
 Pain                     Necr           ###.         2%          1
 Sting                    Tmut/Pois      ###.         2%          1
 Summon Small Mammal      Summ           ###.         2%          1
 Frozen Ramparts          Ice            ###...       2%          3
 Lehudib's Crystal Spear  Conj/Erth      #######...   2%          8
 Blink                    Tloc           N/A          3%          2
 Call Imp                 Summ           ###.....     3%          2
 Ensorcelled Hibernation  Hex/Ice        ###...       3%          2
 Poisonous Vapours        Pois/Air       ###...       3%          2
 Slow                     Hex            ###.....     3%          2
 Swiftness                Air            ###.....     3%          2
 Wereblood                Tmut           ###.....     3%          2
 Conjure Ball Lightning   Conj/Air       ######....   3%          6
 Spider Form              Tmut/Pois      ###.......   7%          3
 Airstrike                Air            ###.......   7%          4
 Olgreb's Toxic Radiance  Pois           ###.....     7%          4
 Call Canine Familiar     Summ           ###.....     8%          3
 Confusing Touch          Hex            ###.....     8%          3
 Gell's Gravitas          Tloc           ###.......   8%          3
 Lesser Beckoning         Tloc           ###.......   8%          3
 Ozocubu's Armour         Ice            ###.....     8%          3
 Portal Projectile        Hex/Tloc       ###...       8%          3
 Summon Guardian Golem    Hex/Summ       ###.....     8%          3
 Teleport Other           Tloc           ###.....     8%          3
 Tukima's Dance           Hex            ###.....     8%          3
 Vampiric Draining        Necr           ###.......   8%          3
 Freezing Cloud           Conj/Ice/Air   ######....   11%         6
 Yara's Violent Unravell  Hex/Tmut       ###.......   17%         5
 Spellforged Servitor     Conj/Summ      ######....   17%         7
 Ice Form                 Ice/Tmut       ###.....     22%         4
 Cause Fear               Hex            ###.......   24%         4
 Dispel Undead            Necr           ###.....     24%         4
 Passage of Golubria      Tloc           N/A          24%         4
 Summon Ice Beast         Ice/Summ       ###.....     24%         4
 Summon Lightning Spire   Summ/Air       ###.....     24%         4
 Blade Hands              Tmut           ###.......   50%         5
 Excruciating Wounds      Necr           ###.......   56%         5
 Metabolic Englaciation   Hex/Ice        ###.......   56%         5
 Silence                  Hex/Air        ###.......   56%         5
 Summon Demon             Summ           ###.......   56%         5
 Summon Forest            Summ/Tloc      ###.......   56%         5
 Summon Mana Viper        Hex/Summ       ###.....     56%         5
 Ozocubu's Refrigeration  Ice            ###.......   65%         6
 Chain Lightning          Conj/Air       ######....   73%         8
 Hydra Form               Tmut           ###.......   97%         6
 Dispersal                Tloc           ###.......   98%         6
 Shadow Creatures         Summ           N/A          98%         6
 Simulacrum               Ice/Necr       ###.......   98%         6
 Dragon Form              Tmut           ###.......   100%        7
 Malign Gateway           Summ/Tloc      ###.......   100%        7
 Summon Hydra             Summ           ###.......   100%        7
 Discord                  Hex            ###.......   100%        8
 Disjunction              Tloc           ###.......   100%        8
 Fire Storm               Conj/Fire      #######...   30%         9
 Absolute Zero            Ice            ###.......   100%        9
 Sublimation of Blood     Necr           Unusable     N/A         2
 Statue Form              Tmut/Erth      Unusable     N/A         6

Dungeon Overview and Level Annotations

Branches:
Dungeon (15/15)            Temple (1/1) D:5            Lair (6/6) D:10
  Swamp (4/4) Lair:3        Snake (4/4) Lair:4        Slime (0/5) Lair:5
    Orc (2/2) D:12            Elf (3/3) Orc:2        Vaults (5/5) D:13
  Crypt (3/3) Vaults:2     Depths (2/5) D:15         Bailey (visited)
  IceCv (visited)         Volcano (visited)          WizLab (visited)
   Tomb: Crypt:3

Altars:
Ashenzari
Cheibriados
Dithmenos
Elyvilon
Fedhas
Gozag
Hepliaklqana
Kikubaaqudgha
Makhleb
Nemelex Xobeh
Okawaru
Qazlal
Ru
Sif Muna
Trog
Uskayaw
Vehumet
Wu Jian
Xom
Yredelemnul
Zin
The Shining One
Beogh
Jiyva

Shops:
D:10 :   D:12 }   Orc:1 =   Orc:2 *:([   Elf:1 *   Elf:3 *   Snake:2 :
Vaults:4 *   Depths:1 *

Portals:
Hell: Depths:1
Ziggurat: Depths:1

Annotations:
Elf:2 3 runed translucent doors
Crypt:3 Jory


Innate Abilities, Weirdness & Mutations

You are resistant to torment.
Your stone body is resilient. (AC +20)
You are immune to poison.
Your large and strong wings let you fly indefinitely.
You resist negative energy. (rN+)
You are resistant to electric shocks. (rElec)
You can survive without breathing.
You are immune to petrification.
You are immune to rotting.
Scrolls take you a little longer to read.
Armour fits poorly on your strangely shaped body.
You are robust. (+10% HP)
Your movements are slightly less encumbered by armour. (ER -2)


Message History

[Y]es or [N]o only, please.
Really read with blurry vision while enemies are nearby? [Y]es or [N]o only, please.
Really read with blurry vision while enemies are nearby? [Y]es or [N]o only, please.
Really read with blurry vision while enemies are nearby? [Y]es or [N]o only, please.
Really read with blurry vision while enemies are nearby?
The titan zombie hits you!
* * * LOW HITPOINT WARNING * * *
You begin reading the scroll.
You continue reading the scroll.
The eidolon hits you!
* * * LOW HITPOINT WARNING * * *
The eidolon drains your vigour!
You feel as though you will be slow longer.
The eidolon hits you!
* * * LOW HITPOINT WARNING * * *
Jory hits you but does no damage. Jory completely misses you.
The titan zombie hits you!!
You die...

#..#.⌠..⌠#.. .. .
Z.......#
....#.⌠.._...⌠ #
#...#........ .#p
.##..)..#⌠..⌠ .p..
............#.....
.np.#..[.)....[...
....##....@Z....#
..Z......VW....##
........)......# .
. ..#........#p.#..
....#.[...≈≈)....##
#...............#
#.................
#..)......[)......
#..............##.


You could see Jory, an eidolon, 2 hell knights, a necromancer, a golden dragon
zombie and a titan zombie.

Vanquished Creatures
  An ancient lich (Crypt:3)
  Mennas (Crypt:2)
  The ghost of Uddiapie the Warrior, a veteran GrFi of the Shining One (Crypt:2)
  Boris (Vaults:3)
  Bai Suzhen (Crypt:1)
  Vashnia (Snake:2)
  Frederick (Crypt:2)
  A golden dragon (Depths:2)
  4 liches
  Rupert (D:13)
  4 tentacled monstrosities
  2 deep elf blademasters (Elf:3)
  2 deep elf master archers (Elf:3)
  A quicksilver dragon (Vaults:3)
  6 sphinxes
  A kraken (Abyss:4)
  6 tentacled starspawn
  3 ancient champions (Crypt:1)
  A storm dragon (Depths:2)
  A draconian monk (Abyss:5)
  A shadow dragon (Vaults:3)
  8 nagarajas
  4 revenants
  4 thorn hunters (Swamp:4)
  2 tengu reavers
  Donald (Crypt:1)
  A fire giant (Vaults:3)
  5 frost giants
  3 orc warlords
  A ghost moth (Vaults:3)
  A balrug (WizLab)
  A cacodemon (Abyss:4)
  4 deep elf sorcerers (Elf:3)
  9 ghouls (Crypt:2)
  A ghost moth (shapeshifter) (Depths:1)
  15 vault wardens
  3 hydra zombies
  3 deep elf elementalists (Elf:3)
  8 ironheart preservers
  22 very ugly things
  An entropy weaver (Vaults:4)
  4 war gargoyles (Crypt:3)
  7 deep elf demonologists (Elf:3)
  12 stone giants
  9 vampire knights
  A black draconian (Abyss:4)
  7 deep elf annihilators
  Azrael (D:13)
  A white draconian (WizLab)
  6 eidola
  An ettin (Vaults:3)
  A mummy priest (Elf:3)
  6 fire dragons
  11 deep elf death magi
  6 jiangshi (Crypt:2)
  3 crystal guardians
  Erolcha (D:9)
  6 yaktaur captains
  4 deep elf high priests
  4 shambling mangroves
  38 vault guards
  6 great orbs of eyes
  14 hydras
  18 naga warriors
  6 rakshasas
  4 ice dragons
  3 death knights
  12 centaur warriors
  A ghost crab (Abyss:4)
  10 ogre magi
  9 dancing weapons
  20 anacondas
  31 two-headed ogres
  16 alligators
  3 deep troll shamans (Depths:1)
  5 spriggan berserkers (Elf:2)
  10 death yaks
  2 deep troll earth magi
  7 thrashing horrors
  9 vampire magi
  11 orc high priests
  9 hell knights
  17 shock serpents
  19 deep elf knights
  Sonja (Lair:5)
  23 naga sharpshooters
  22 skeletal warriors
  3 sixfirhies
  3 soul eaters
  2 iron trolls (Depths:1)
  7 wretched stars
  A storm dragon zombie (Crypt:2)
  7 salamander mystics (Snake:4)
  The ghost of YoungGLord the Thaumaturge, a novice GrEE of Vehumet (D:10)
  A storm dragon skeleton (Vaults:3)
  A fire crab (Abyss:4)
  3 shadow wraiths
  4 unseen horrors
  6 swamp dragons
  3 spriggan druids (Swamp:4)
  2 spatial maelstroms
  19 deep trolls
  3 spectral hydras (Swamp:4)
  10 deep elf archers
  4 glowing orange brains
  7 lindwurms
  11 wizards
  11 naga ritualists
  6 flayed ghosts
  An obsidian statue (WizLab)
  8 harpies
  10 ironbrand convokers
  6 phantasmal warriors
  9 necromancers
  26 orc knights
  2 statues (D:11)
  3 oklob plants (Swamp:4)
  7 wolf spiders
  49 deep elf magi
  16 mana vipers
  6 orc sorcerers
  33 ugly things
  4 cyclopes
  A shadow dragon skeleton (Abyss:4)
  14 salamanders
  27 naga magi
  5 elephants
  A guardian serpent (shapeshifter) (Vaults:2)
  6 manticores
  2 worldbinders (WizLab)
  2 centaur zombies
  4 apocalypse crabs
  46 black mambas
  An iron dragon skeleton (Crypt:2)
  A black mamba (shapeshifter) (Vaults:3)
  A stone giant skeleton (Crypt:2)
  17 guardian serpents
  11 vault sentinels
  5 ice statues (IceCv)
  An orange demon (Abyss:4)
  29 cane toads
  4 smoke demons
  A cane toad (shapeshifter) (Vaults:4)
  An eye of devastation (Vaults:3)
  A demonspawn skeleton (WizLab)
  A green draconian zombie (Crypt:2)
  3 gargoyles
  3 kobold demonologists
  A white draconian zombie (Crypt:2)
  4 ancient zymes
  9 freezing wraiths
  59 yaktaurs
  2 efreet
  6 komodo dragons
  A swamp worm zombie (Crypt:1)
  An anaconda simulacrum (IceCv)
  6 rime drakes
  A hellwing (WizLab)
  A minotaur skeleton (Crypt:2)
  A white draconian skeleton (Crypt:1)
  6 tyrant leeches
  6 meliai
  12 trolls
  A queen bee (D:15)
  A death drake zombie (Swamp:4)
  10 large abominations
  3 tengu conjurers
  A polar bear (shapeshifter) (Vaults:1)
  14 hornets
  42 slime creatures
  A hornet (shapeshifter) (Vaults:2)
  4 polar bears
  A dream sheep (shapeshifter) (Abyss:4)
  A wind drake (WizLab)
  23 blink frogs
  A wolf spider simulacrum (Abyss:4)
  Grinder (D:3)
  A blink frog (shapeshifter) (Vaults:1)
  8 bog bodies
  A hydra skeleton (Swamp:4)
  A hippogriff (shapeshifter) (Vaults:2)
  14 hippogriffs
  6 raiju (Abyss:4)
  3 death drake skeletons
  Sigmund (D:4)
  2 air elementals (Elf:2)
  2 redbacks
  2 shadows
  3 vampires
  37 flying skulls
  A water elemental (Elf:1)
  7 wraiths
  75 yaks
  6 spriggans
  2 tarantellas (shapeshifter)
  3 ynoxinuls
  6 basilisks
  An ice dragon skeleton (WizLab)
  8 fire elementals
  A wind drake zombie (Crypt:1)
  A human (D:13)
  A neqoxec (Abyss:4)
  A chaos spawn (WizLab)
  A steam dragon (D:12)
  18 wyverns
  A catoblepas simulacrum (Abyss:5)
  23 vampire mosquitoes
  An emperor scorpion simulacrum (Crypt:2)
  3 harpy simulacra (IceCv)
  18 swamp worms
  22 insubstantial wisps
  9 wargs
  A faun zombie (Crypt:2)
  An iron troll simulacrum (IceCv)
  44 nagas
  A merfolk zombie (Crypt:3)
  10 spatial vortices
  2 acid dragons
  6 hydra simulacra
  Edmund (D:5)
  25 water moccasins
  5 porcupines
  8 ice beasts
  3 hell hounds (D:13)
  A monstrous demonspawn skeleton (WizLab)
  4 sky beasts
  A manticore zombie (Crypt:2)
  49 orc warriors
  A swamp dragon zombie (Swamp:4)
  13 swamp drakes
  21 starcursed masses
  3 black bears
  An eye of draining (shapeshifter) (Vaults:4)
  6 necrophages
  12 boggarts
  3 phantoms
  2 ettin simulacra
  30 ogres
  2 lindwurm skeletons (Crypt:2)
  7 wolves
  An elf skeleton (Vaults:3)
  4 swamp dragon skeletons
  14 centaurs
  16 crocodiles
  5 small abominations
  5 big kobolds
  A big kobold (shapeshifter) (Elf:3)
  2 elf zombies (Elf:1)
  A hog skeleton (Crypt:2)
  A draconian zombie (Crypt:2)
  19 bullfrogs
  A wyvern zombie (D:6)
  2 glowing shapeshifter simulacra
  6 earth elementals
  3 scorpions
  A water moccasin skeleton (D:11)
  69 killer bees
  5 howler monkeys
  8 wights
  An electric eel (Lair:3)
  3 bullfrog zombies
  5 hounds
  2 quasits
  25 orc priests
  A bullfrog skeleton (D:5)
  6 jellies
  6 centaur skeletons
  2 iguanas
  11 worker ants
  Natasha (thrice) (D:3)
  24 orc wizards
  Ijyb (D:3)
  An ogre zombie (Crypt:1)
  A deep dwarf zombie (Crypt:2)
  A hound skeleton (D:7)
  Robin (D:2)
  11 gnolls
  A scorpion zombie (Crypt:1)
  A steam dragon zombie (Crypt:1)
  21 adders
  A howler monkey skeleton (D:4)
  5 white imps
  2 ufetubi
  2 oozes
  An iguana zombie (Crypt:2)
  2 adder skeletons
  An adder zombie (D:6)
  A halfling skeleton (Crypt:1)
  4 worms
  3 dart slugs
  10 leopard geckos
  108 orcs
  9 giant cockroaches
  15 goblins
  16 hobgoblins
  10 jackals
  22 kobolds
  8 quokkas
  16 bats
  6 frilled lizards
  A giant cockroach zombie (D:5)
  2 quokka skeletons (D:6)
  10 rats
  3 briar patches (Swamp:4)
  A bush (D:11)
  2 lurking horrors
  5 starspawn tentacles
2369 creatures vanquished.

Vanquished Creatures (collateral kills)
  An eye of draining (D:9)
  An iguana (D:9)
  An orc (Bailey)
3 creatures vanquished.

Vanquished Creatures (others)
  Nikola (Vaults:3)
  An eldritch tentacle (WizLab)
  A yaktaur captain (Vaults:1)
  A naga warrior (Snake:4)
  A centaur warrior (Vaults:3)
  A spatial maelstrom (Abyss:4)
  An orc knight (Bailey)
  An ironbrand convoker (Vaults:3)
  A wolf spider (Vaults:3)
  A deep elf mage (Elf:1)
  A black mamba (Snake:3)
  An ancient zyme (Abyss:4)
  A bog body (Crypt:2)
  A frost giant simulacrum (Vaults:3)
  A flying skull (Crypt:2)
  A vampire mosquito (Swamp:3)
  2 orc wizards
  2 orcs (Bailey)
  A goblin (D:2)
  71 fungi
  117 plants
  A starspawn tentacle (Abyss:4)
210 creatures vanquished.

Grand Total: 2582 creatures vanquished

Notes
Turn   | Place    | Note
-------+----------+-------------------------------------------
     0 | D:1      | Hores the Gargoyle Earth Elementalist began the quest for
                  | the Orb.
     0 | D:1      | Reached XP level 1. HP: 10/10 MP: 3/3
   107 | D:1      | Reached XP level 2. HP: 15/15 MP: 3/5
   269 | D:1      | Reached XP level 3. HP: 19/19 MP: 4/6
   297 | D:1      | Learned a level 3 spell: Stone Arrow
  1069 | D:1      | Reached skill level 1 in Conjurations
  1367 | D:2      | Reached XP level 4. HP: 22/24 MP: 8/8
  1461 | D:2      | Noticed Robin
  1573 | D:2      | Killed Robin
  1894 | D:2      | Reached skill level 5 in Earth Magic
  2343 | D:3      | Noticed Ijyb
  2355 | D:3      | Reached XP level 5. HP: 28/28 MP: 7/9
  2361 | D:3      | Killed Ijyb
  2448 | D:3      | Learned a level 5 spell: Lee's Rapid Deconstruction
  2723 | D:3      | Noticed Natasha
  2736 | D:3      | Killed Natasha
  2761 | D:3      | Noticed Natasha
  2764 | D:3      | Killed Natasha
  3214 | D:3      | Noticed Grinder
  3467 | D:3      | Reached XP level 6. HP: 32/32 MP: 9/11
  3482 | D:3      | Noticed Natasha
  3485 | D:3      | Killed Natasha
  3592 | D:3      | Paralysed by Grinder for 4 turns
  3599 | D:3      | Killed Grinder
  3599 | D:3      | Reached XP level 7. HP: 29/36 MP: 5/13
  4131 | D:4      | Noticed Sigmund
  4141 | D:4      | Killed Sigmund
  4141 | D:4      | Reached skill level 1 in Fighting
  4296 | D:4      | Reached skill level 1 in Maces & Flails
  4296 | D:4      | Reached skill level 1 in Armour
  4296 | D:4      | Reached skill level 1 in Evocations
  4365 | D:4      | Reached XP level 8. HP: 43/43 MP: 9/15
  5210 | D:5      | Entered Level 5 of the Dungeon
  5355 | D:5      | Noticed Edmund
  5375 | D:5      | Killed Edmund
  5375 | D:5      | Reached skill level 5 in Spellcasting
  5446 | D:5      | Found a staircase to the Ecumenical Temple.
  5466 | D:5      | Reached skill level 5 in Conjurations
  5474 | Temple   | Entered the Ecumenical Temple
  5814 | D:5      | Reached XP level 9. HP: 49/49 MP: 11/16
  6106 | D:6      | Identified the Grimoire of the Hurtful Arsonist
  6421 | D:6      | Got an ichor-stained long sword
  6422 | D:6      | Identified the +3 long sword "Poehi" {antimagic, +Fly rElec
                  | rF- MR+} (You found it on level 6 of the Dungeon)
  7097 | D:7      | Noticed a two-headed ogre
  7110 | D:7      | Killed a two-headed ogre
  7110 | D:7      | Reached XP level 10. HP: 45/58 MP: 4/18
  8122 | D:8      | Found a sacrificial altar of Ru.
  8958 | D:9      | Noticed a two-headed ogre
  8960 | D:9      | Noticed Erolcha
  8965 | D:9      | Reached skill level 5 in Fighting
  8965 | D:9      | Reached skill level 5 in Armour
  8967 | D:9      | Killed a two-headed ogre
  8970 | D:9      | Killed Erolcha
  8970 | D:9      | Reached XP level 11. HP: 58/64 MP: 12/20
  9026 | D:9      | Reached skill level 5 in Maces & Flails
  9209 | D:9      | Found a faded altar of an unknown god.
  9209 | D:9      | Found a basalt altar of Yredelemnul.
  9242 | D:9      | Found a radiant altar of Vehumet.
  9245 | D:9      | Found a sparkling altar of Nemelex Xobeh.
  9247 | D:9      | Found a shimmering altar of Xom.
  9252 | D:9      | Became a worshipper of Vehumet
  9313 | D:9      | Noticed a two-headed ogre
  9320 | D:9      | Killed a two-headed ogre
  9320 | D:9      | Reached skill level 5 in Evocations
 10008 | D:10     | Entered Level 10 of the Dungeon
 10025 | D:10     | Killed an unseen horror
 10164 | D:10     | Reached * piety under Vehumet
 10164 | D:10     | Offered knowledge of Magic Dart by Vehumet.
 10244 | D:10     | Found Fiwi's Book Shop.
 10276 | D:10     | Reached skill level 5 in Dodging
 10312 | D:10     | Noticed a death yak
 10312 | D:10     | Noticed a death yak
 10327 | D:10     | Noticed a death yak
 10704 | D:10     | Found a runed translucent gate.
 10705 | D:10     | Found a runed translucent gate.
 10705 | D:10     | Found a runed translucent gate.
 10706 | D:10     | Noticed an 11-headed hydra
 10707 | D:10     | Noticed YoungGLord's ghost (novice GrEE)
 10727 | D:10     | Found a staircase to the Lair.
 10762 | D:10     | Killed a death yak
 10763 | D:10     | Killed a death yak
 10764 | D:10     | Killed a death yak
 10764 | D:10     | Reached skill level 10 in Earth Magic
 10764 | D:10     | Reached XP level 12. HP: 31/71 MP: 16/22
 11228 | D:11     | Found a flagged portal.
 11236 | Bailey   | Entered a bailey
 11247 | Bailey   | Offered knowledge of Freeze by Vehumet.
 11248 | Bailey   | Reached ** piety under Vehumet
 11265 | Bailey   | Learned a level 3 spell: Dazzling Flash
 11271 | Bailey   | Learned a level 5 spell: Fireball
 11424 | Bailey   | Offered knowledge of Mephitic Cloud by Vehumet.
 11432 | Bailey   | Reached skill level 1 in Fire Magic
 11879 | D:11     | Reached *** piety under Vehumet
 12035 | D:11     | Learned a level 3 spell: Mephitic Cloud
 12902 | D:11     | Offered knowledge of Sticky Flame by Vehumet.
 13490 | D:12     | Noticed a two-headed ogre
 13497 | D:12     | Killed a two-headed ogre
 13709 | D:12     | Reached **** piety under Vehumet
 13939 | D:12     | Found Axaewe's Gadget Boutique.
 13945 | D:12     | Reached XP level 13. HP: 69/78 MP: 19/25
 14051 | D:12     | Offered knowledge of Yara's Violent Unravelling by Vehumet.
 14246 | D:12     | Found a staircase to the Orcish Mines.
 14305 | D:12     | Reached skill level 5 in Fire Magic
 14907 | D:13     | Noticed Azrael
 14918 | D:13     | Killed Azrael
 14991 | D:13     | Reached ***** piety under Vehumet
 14995 | D:13     | Offered knowledge of Iron Shot by Vehumet.
 15098 | D:13     | Noticed Rupert
 15147 | D:13     | Paralysed by Rupert for 2 turns
 15162 | D:13     | Killed Rupert
 15424 | D:13     | Noticed a vault guard
 16023 | D:13     | Killed a vault guard
 16056 | D:13     | Noticed a vault guard
 16129 | D:13     | Killed a vault guard
 16129 | D:13     | Gained mutation: Your large and strong wings let you fly
                  | indefinitely. [Gargoyle growth]
 16129 | D:13     | Reached XP level 14. HP: 84/84 MP: 16/26
 16439 | D:13     | Reached skill level 10 in Conjurations
 16475 | D:13     | Found a gate to the Vaults.
 17181 | D:14     | Got a steaming leather armour
 17294 | D:14     | Learned a level 6 spell: Iron Shot
 17787 | Orc:1    | Entered Level 1 of the Orcish Mines
 17791 | Orc:1    | Found Fokuwk's Jewellery Emporium.
 17791 | Orc:1    | Found a roughly hewn altar of Beogh.
 17840 | Orc:1    | Found a dark tunnel.
 17862 | Volcano  | Entered a volcano
 17882 | Volcano  | Identified the +3 leather armour of Protective Custody
                  | {+Fly rF+ rN+ Str+2} (You found it on level 14 of the
                  | Dungeon)
 17898 | Volcano  | Noticed a stone giant
 17902 | Volcano  | Killed a stone giant
 18403 | Orc:1    | Noticed an orc warlord
 18528 | Lair:1   | Entered Level 1 of the Lair of Beasts
 18905 | Lair:1   | Offered knowledge of Irradiate by Vehumet.
 18935 | Lair:1   | Learned a level 5 spell: Irradiate
 20885 | Lair:3   | Gained mutation: You are robust. (+10% HP) [potion of
                  | mutation]
 20885 | Lair:3   | Gained mutation: Your movements are slightly less
                  | encumbered by armour. (ER -2) [potion of mutation]
 20940 | Lair:3   | Identified 2 scrolls of acquirement
 20940 | Lair:3   | Acquired 1440 gold pieces
 21260 | Lair:3   | Acquired 1980 gold pieces
 21267 | Lair:3   | Found a staircase to the Swamp.
 21725 | Lair:4   | Reached XP level 15. HP: 71/101 MP: 28/28
 21733 | Lair:4   | Reached XP level 16. HP: 80/106 MP: 23/29
 22172 | Lair:4   | Found a staircase to the Snake Pit.
 22296 | Lair:4   | Reached skill level 10 in Fighting
 22864 | Lair:5   | Offered knowledge of Starburst by Vehumet.
 22865 | Lair:5   | Noticed Sonja
 22877 | Lair:4   | Learned a level 6 spell: Starburst
 22887 | Lair:5   | Killed Sonja
 22970 | Lair:5   | Found a staircase to the Slime Pits.
 22986 | Lair:5   | Found a viscous altar of Jiyva.
 23777 | Lair:5   | Offered knowledge of Ozocubu's Refrigeration by Vehumet.
 24617 | Lair:6   | Entered Level 6 of the Lair of Beasts
 24739 | Lair:6   | Reached skill level 10 in Spellcasting
 25010 | Lair:6   | Acquired the +0 pair of boots of Time Monsters {+Inv Dex+2}
 26338 | D:10     | Bought a book of Fire for 780 gold pieces
 26338 | D:10     | Bought a book of Annihilations for 1324 gold pieces
 26372 | D:12     | Bought a condenser vane (2/2) for 300 gold pieces
 26487 | D:15     | Entered Level 15 of the Dungeon
 26583 | D:10     | Killed YoungGLord's ghost
 26610 | D:10     | Got a brightly glowing double sword
 26611 | D:10     | Identified the +9 double sword of Gallantry {protect,
                  | *Drain MR+ Int+2 Dex+4} (You found it on level 10 of the
                  | Dungeon)
 26690 | Orc:1    | Reached ****** piety under Vehumet
 26705 | Orc:1    | Reached XP level 17. HP: 41/114 MP: 9/31
 26838 | Orc:1    | Offered knowledge of Conjure Ball Lightning by Vehumet.
 27483 | Orc:2    | Entered Level 2 of the Orcish Mines
 27487 | Orc:2    | Found Tahada's Antique Weapon Emporium.
 27603 | Orc:2    | Reached skill level 10 in Maces & Flails
 27702 | Orc:2    | Found Butz's Antique Armour Shop.
 27774 | Orc:2    | Found a roughly hewn altar of Beogh.
 27954 | Orc:2    | Found Asynwev's Book Shoppe.
 27976 | Orc:2    | Found a staircase to the Elven Halls.
 28022 | Orc:2    | Found Hosiqov's General Store.
 28516 | Orc:2    | Bought a brightly glowing robe for 176 gold pieces
 28516 | Orc:2    | Bought a translucent troll leather armour for 620 gold
                  | pieces
 28518 | Orc:2    | Identified the +5 troll leather armour of Runiul {+Inv
                  | rPois Regen+} (You bought it in a shop on level 2 of the
                  | Orcish Mines)
 28531 | Orc:2    | Identified the cursed +1 robe "Qemmud" {Str+3} (You bought
                  | it in a shop on level 2 of the Orcish Mines)
 29263 | D:15     | Found a staircase to the Depths.
 29648 | Snake:1  | Entered Level 1 of the Snake Pit
 29654 | Snake:1  | Offered knowledge of Freezing Cloud by Vehumet.
 30513 | Snake:1  | Reached XP level 18. HP: 91/121 MP: 32/32
 31541 | Snake:2  | Found Geraneme's Book Emporium.
 32044 | Snake:2  | Noticed Vashnia
 32063 | Snake:2  | Killed Vashnia
 32650 | Snake:3  | Reached skill level 15 in Fire Magic
 32717 | Snake:3  | Learned a level 8 spell: Ignition
 32960 | Snake:3  | Offered knowledge of Ozocubu's Refrigeration by Vehumet.
 33921 | Snake:4  | Entered Level 4 of the Snake Pit
 35508 | Snake:4  | Reached XP level 19. HP: 106/127 MP: 17/34
 35701 | Snake:4  | Offered knowledge of Shatter by Vehumet.
 35701 | Snake:4  | Offered knowledge of Tornado by Vehumet.
 37161 | Snake:4  | Got a serpentine rune of Zot
 37602 | Swamp:1  | Entered Level 1 of the Swamp
 37741 | Swamp:1  | Reached skill level 10 in Dodging
 38884 | Swamp:2  | You are sucked into a shaft and drop 1 floor!
 39136 | Swamp:3  | Reached XP level 20. HP: 136/136 MP: 26/35
 39528 | Swamp:3  | Identified the +0 leather armour of Duty {-Tele rElec rN+
                  | Dex+4} (You found it on level 3 of the Swamp)
 39953 | Swamp:4  | Entered Level 4 of the Swamp
 40302 | Swamp:4  | Reached skill level 15 in Earth Magic
 40885 | Swamp:4  | Found a blossoming altar of Fedhas.
 40977 | Swamp:4  | Got a decaying rune of Zot
 41169 | Swamp:4  | Found a basalt altar of Yredelemnul.
 41579 | Elf:1    | Entered Level 1 of the Elven Halls
 41656 | Elf:1    | Found a frozen archway.
 41665 | IceCv    | Entered an ice cave
 42655 | Elf:1    | Identified the Tome of Unholy Magic
 42996 | Elf:1    | Identified the +2 robe of Tuthiruha {Harm Str+4 Dex+2} (You
                  | found it on level 1 of the Elven Halls)
 43018 | Elf:1    | Found Jezxyqu's General Store.
 43024 | Elf:1    | Bought a scroll of identify for 24 gold pieces
 43024 | Elf:1    | Bought a scroll of holy word for 90 gold pieces
 43140 | Elf:1    | Reached XP level 21. HP: 92/141 MP: 24/37
 43271 | Elf:1    | Found a shimmering blue altar of Sif Muna.
 43606 | Elf:2    | Found a runed translucent gate.
 43606 | Elf:2    | Found a runed translucent gate.
 43607 | Elf:2    | Found a runed translucent gate.
 44019 | Elf:2    | Found a bloodstained altar of Trog.
 44271 | Elf:3    | Entered Level 3 of the Elven Halls
 44291 | Elf:3    | Found Kosowan's Assorted Antiques.
 44294 | Elf:3    | Bought a potion of haste for 370 gold pieces
 44294 | Elf:3    | Bought a scroll of identify for 74 gold pieces
 44294 | Elf:3    | Bought a scroll of teleportation for 111 gold pieces
 44294 | Elf:3    | Bought a scroll of holy word for 277 gold pieces
 44294 | Elf:3    | Bought a potion of haste for 370 gold pieces
 44294 | Elf:3    | Bought a potion of cancellation for 296 gold pieces
 44629 | Elf:3    | Found a roughly hewn altar of Beogh.
 44754 | Elf:3    | Found a shimmering blue altar of Sif Muna.
 44791 | Elf:3    | Identified the amulet of Generosity {RegenMP SInv}
 44813 | Elf:3    | Acquired 450 gold pieces
 44904 | Elf:3    | Identified the Tome of Creation
 45005 | Elf:3    | Cast into level 3 of the Abyss (a deep elf sorcerer)
 45052 | Abyss:3  | Found a corrupted altar of Lugonu.
 45058 | Elf:3    | Escaped the Abyss
 45377 | Elf:3    | Identified the +10 battleaxe "Mauheriy" {vorpal, Str+2}
 45495 | Elf:3    | Identified the +5 battleaxe of Jitwyniho {vorpal, Int+2}
 45495 | Elf:3    | Identified the amulet of Siats {RegenMP Str+3}
 45547 | Elf:3    | Identified the Incunabulum of Nocuous Heat
 45549 | Elf:3    | Identified the Almanac of Creative Stolen Souls
 45955 | Vaults:1 | Entered Level 1 of the Vaults
 45970 | Vaults:1 | Found the +9 staff of Olgreb {rPois∞}
 46123 | Vaults:1 | Reached XP level 22. HP: 145/149 MP: 33/38
 46129 | Vaults:1 | Reached skill level 10 in Evocations
 47578 | Vaults:2 | Found a stormy altar of Qazlal.
 48202 | Vaults:2 | You are sucked into a shaft and drop 2 floors!
 48346 | Vaults:2 | Found a staircase to the Crypt.
 49117 | Vaults:3 | Reached XP level 23. HP: 157/157 MP: 34/40
 49162 | Vaults:3 | Reached skill level 15 in Conjurations
 49269 | Vaults:3 | Reached skill level 5 in Stealth
 49571 | Vaults:3 | Noticed Nikola
 49591 | Vaults:3 | Killed Nikola
 49605 | Vaults:3 | Noticed Boris
 49622 | Vaults:3 | Killed Boris
 50156 | Vaults:3 | Acquired 550 gold pieces
 50209 | Vaults:3 | Got a steaming amethyst amulet
 50210 | Vaults:3 | Identified the amulet of Midnight {Regen+ Str+2 Dex+4} (You
                  | found it on level 3 of the Vaults)
 51321 | Vaults:4 | Reached skill level 15 in Fighting
 51326 | Vaults:4 | Found Inwuv's Assorted Antiques.
 51374 | Vaults:4 | Bought a scroll of identify for 62 gold pieces
 51374 | Vaults:4 | Bought dazzling steam dragon scales for 1395 gold pieces
 51374 | Vaults:4 | Bought a scroll of teleportation for 93 gold pieces
 51374 | Vaults:4 | Bought a potion of brilliance for 124 gold pieces
 51374 | Vaults:4 | Bought a scroll of identify for 62 gold pieces
 51374 | Vaults:4 | Bought a scroll of identify for 62 gold pieces
 51374 | Vaults:4 | Identified the +1 steam dragon scales of Wonder {-Cast rC+
                  | rN+++ Str+4} (You bought it in a shop on level 4 of the
                  | Vaults)
 51828 | Vaults:4 | Reached XP level 24. HP: 145/165 MP: 31/40
 52648 | Vaults:5 | Entered Level 5 of the Vaults
 52856 | Depths:1 | Entered Level 1 of the Depths
 52859 | Depths:1 | Found a gateway to a ziggurat.
 52872 | Depths:1 | Found a gateway to Hell.
 52896 | Depths:1 | Found a magical portal.
 52921 | WizLab   | Entered The Roulette of Golubria
 52921 | WizLab   | Found a transporter.
 52924 | WizLab   | Found a corrupted altar of Lugonu.
 52925 | WizLab   | Found the +1 cloak of Starlight {rElec rC+ EV+4 Stlth--}
 52961 | WizLab   | Found a transporter.
 52966 | WizLab   | Found a transporter.
 53012 | WizLab   | Found a transporter.
 53056 | WizLab   | Found a transporter.
 53061 | WizLab   | Found a corrupted altar of Lugonu.
 53092 | WizLab   | Found a transporter.
 53114 | WizLab   | Found a transporter.
 53139 | WizLab   | Found a transporter.
 53139 | WizLab   | Found a transporter.
 53199 | WizLab   | Identified the +2 cloak "Tavualep" {Rampage rC+ MR+ Int-5
                  | Dex+3} (You found it in a wizard's laboratory)
 53224 | WizLab   | Found a transporter.
 53224 | WizLab   | Found a transporter.
 53282 | WizLab   | Found a transporter.
 53282 | WizLab   | Found a transporter.
 53419 | WizLab   | Found a transporter.
 53437 | WizLab   | Identified the Compendium of the Traveller
 53447 | WizLab   | Found a transporter.
 53447 | WizLab   | Found a transporter.
 53475 | WizLab   | Found a transporter.
 53475 | WizLab   | Found a transporter.
 53521 | WizLab   | Found a transporter.
 53521 | WizLab   | Found a transporter.
 53710 | Depths:1 | Learned a level 9 spell: Shatter
 54212 | Depths:1 | Found Basyugui's Changing Room.
 54515 | Depths:1 | Reached XP level 25. HP: 172/172 MP: 41/41
 55271 | Crypt:1  | Entered Level 1 of the Crypt
 55912 | Crypt:1  | Noticed Donald
 55917 | Crypt:1  | Killed Donald
 56022 | Crypt:1  | Noticed Bai Suzhen
 56049 | Crypt:1  | Killed Bai Suzhen
 56439 | Crypt:2  | Noticed Mennas
 56452 | Crypt:1  | Learned a level 5 spell: Borgnjor's Vile Clutch
 56485 | Crypt:2  | Killed Mennas
 56985 | Crypt:2  | Found a runed translucent door.
 56985 | Crypt:2  | Noticed Uddiapie's ghost (veteran GrFi)
 57014 | Crypt:2  | Killed Uddiapie's ghost
 57349 | Crypt:2  | Noticed Frederick
 57356 | Crypt:2  | Killed Frederick
 57808 | Crypt:3  | Entered Level 3 of the Crypt
 58112 | Crypt:3  | Reached skill level 15 in Spellcasting
 58125 | Crypt:3  | Noticed an ancient lich
 58131 | Crypt:3  | Killed an ancient lich
 58134 | Crypt:3  | Found a basalt altar of Yredelemnul.
 58134 | Crypt:3  | Noticed Jory
 58139 | Crypt:3  | Reached XP level 26. HP: 180/180 MP: 30/42
 58142 | Crypt:3  | Cast into level 4 of the Abyss (a lich)
 58165 | Abyss:4  | Paralysed by accursed screaming for 1 turns
 58652 | Abyss:4  | Got an abyssal rune of Zot
 58665 | Abyss:4  | Gained mutation: Armour fits poorly on your strangely
                  | shaped body. [a cacodemon]
 58666 | Abyss:4  | Gained mutation: Scrolls take you a little longer to read.
                  | [a cacodemon]
 58777 | Abyss:5  | Entered Level 5 of the Abyss
 58905 | Crypt:3  | Escaped the Abyss
 58909 | Crypt:3  | Slain by a titan zombie

Illustrated notes

Levels and vault maps discovered:
D:1:      saegor_arrival_simple_b, layout_basic, st_stairs_1,
          minmay_heptomino_w4
D:2:      layout_loops_ring, kennysheep_boxes, uniq_robin
D:3:      layout_basic, uniq_natasha, uniq_ijyb, uniq_grinder
D:4:      layout_basic, uniq_sigmund
D:5:      layout_basic, minmay_temple_entry_gardened_gates, st_stairs_8,
          uniq_edmund
D:6:      layout_rooms, minmay_misc_feat_four_crosses, minmay_joined_circles
D:7:      layout_basic
D:8:      layout_loops_ring, nicolae_ru_great_annihilating_truth
D:9:      layout_stronghold, chequers_temple_overflow_minitemple, uniq_erolcha
D:10:     layout_roguey, dpeg_lair_monsters, gammafunk_ghost_hydra_chop,
          serial_shops, nicolae_shop_trees
D:11:     layout_grid_maze, enter_bailey_2, minmay_dual_archer_statues
D:12:     layout_loops_cross, erik_orc_3, serial_shops, shop
D:13:     layout_loops_corners, grunt_vaults_entry_fortified, uniq_azrael,
          uniq_rupert
D:14:     layout_loops_cross, nrook_uturn, minmay_pinched_square
D:15:     grunt_enter_depths_hoard, layout_gridville, roderic_lattice_a,
          special_room [special_room_bee]
Temple:   eino_narrow_crystal_temple
Lair:1:   minmay_lair_venomous_thicket, layout_regular_city,
          serial_bayou_shore_b
Lair:2:   layout_cave_pods
Lair:3:   layout_long_grid, nicolae_swamp_entry_splash_gauntlet,
          forest_entry_grove, lemuel_fruit_fields, infiniplex_staircase_pool_2
Lair:4:   layout_long_grid, minmay_snake_entry_spellcaster,
          kilobyte_rumbling_trees
Lair:5:   regret_index_wax_grids, layout_layer_cave, slime_altar_1,
          grunt_megastairs_4, uniq_sonja
Lair:6:   hangedman_lair_tendril_chambers, layout_regular_city,
          lemuel_fruit_tree, grunt_megastairs_2
Swamp:1:  layout_basic_swamp, nicolae_swamp_round_clearing
Swamp:2:  layout_basic_swamp, serial_swamp_ruin, evilmike_swamp_ruin_rubble_2,
          evilmike_swamp_ruin_wall, hangedman_swamp_ruin_wall
Swamp:3:  layout_basic_swamp, evilmike_swamp_ruin_house_5
Swamp:4:  byrel_swamp_growth_death_and_undeath, layout_basic_swamp, swamp_pool3
Snake:1:  layout_concentric_octagons, evilmike_ambush
          [evilmike_ambush_outer_pillars, evilmike_ambush_inner_wall_1]
Snake:2:  layout_concentric_octagons, serial_shops, shop_statue,
          nicolae_snake_salamander_stairs, grunt_megastairs_1, uniq_vashnia
Snake:3:  layout_onion
Snake:4:  snake_pit_salamanders_mu, layout_chambers, grunt_ministairs_9
Orc:1:    layout_diamond_mine, serial_shops, shop_coins,
          nicolae_volcano_entry_vermiform, basic_altar
Orc:2:    grunt_orc_gardens, layout_caves, grunt_orc_garden, grunt_orc_garden,
          grunt_orc_garden, grunt_orc_garden, mines1_david
Elf:1:    eino_elf_arrival_customs, layout_geoelf_grid,
          portal_ice_cave_entry_pillars_four, basic_altar, serial_shops, shop,
          minmay_elf_necromancy
Elf:2:    layout_geoelf_octagon, evilmike_spriggan_trog_shrine
Elf:3:    elf_hall, layout_geoelf_grid, special_room [special_room_orc],
          serial_shops, shop, hangedman_summoners_spam
Vaults:1: vaults_room_fours, nicolae_vaults_triangles, v_misc_15,
          hangedman_vaults_locks, v_misc_18, hangedman_vaults_variations,
          vaults_dpeg_encased_lava, hangedman_vaults_stretched_pinwheel,
          vaults_mumra_bighexcomb, nicolae_vaults_angled_halls,
          ontoclasm_vaults_shuriken, v_misc_12, nicolae_vaults_little_squares_5,
          layout_vaults_maze_bifur
Vaults:2: ontoclasm_vaults_shout, v_alt_pattern_5, v_alt_pattern_1,
          ontoclasm_vaults_claustrophobia, nicolae_vaults_network_star,
          vaults_standard_mumra_enter_the_diamond, vaults_room_boxed, v_misc_3,
          vaults_dpeg_cross, minmay_crypt_entry_simple_box,
          vaults_room_semicircle, v_misc_11, layout_vaults_omnibox, basic_altar
Vaults:3: grunt_vaults_hallway_short, st_greater_box_2,
          nicolae_vaults_twisting_passages, v_pattern_3, v_rooms_3,
          vaults_mumra_chevron, v_rooms_5, vaults_mumra_hex,
          grunt_vaults_hallway_long, nicolae_vaults_rhombus_5,
          layout_vaults_big_cross, uniq_boris, uniq_nikola
Vaults:4: grunt_vaults_diagonal, ontoclasm_vaults_spin, v_rooms_5,
          hangedman_vaults_river_flow, v_misc_25, nicolae_vaults_asterisk,
          vaults_room_corners, vaults_mumra_minichess, nicolae_vaults_alarming,
          layout_vaults_omnigrid, serial_shops, shop_fountains
Vaults:5: uniq_mara
Crypt:1:  layout_regular_city, uniq_bai_suzhen, uniq_donald
Crypt:2:  layout_basic, ebering_ghost_reflecting_pool, lemuel_freeze_loot_1,
          uniq_frederick, uniq_mennas
Crypt:3:  cryptofortress_bobbens, uniq_jory
Depths:1: layout_small_grid, enter_ziggurat_a, infiniplex_enter_wizlab_glasses,
          hell_entry, serial_glass, glass_columns_c, glass_columns_c,
          glass_columns_a, glass_columns_b, glass_columns_a, glass_columns_b,
          glass_columns_c, glass_columns_b, minmay_statues_item,
          nicolae_transmutations_shop, minmay_guarded_unrand_vampires_tooth
Depths:2: minmay_diamond_stairs, layout_basic, hell_entry, minmay_misc_feat_chi,
          marbit_kobold_abyss_entry, minmay_shoptagon,
          infiniplex_staircase_zigzag_2, firewood_loft, serial_bayou_shore_b

Skill      XL: |  1  2  3  4  5  6  7  8  9 10 11 12 13 14 15 16 17 18 19 20 21 22 23 24 25 26 |
---------------+-------------------------------------------------------------------------------+-----
Earth Magic    | 4 5 6 7 8 9 10 11 12 13 14 15 16 17 18 20 | 20.3
Conjurations   | 1 2 3 4 5 6 7 8 9 10 11 12 13 14 15 16 17 | 17.5
Spellcasting   | 3 4 5 6 7 8 9 10 11 12 13 14 15 | 15.4
Fighting       | 1 2 4 5 6 7 8 9 10 11 12 13 14 15 16 17 | 17.1
Maces & Flails | 1 2 3 4 6 7 8 9 10 11 12 13 14 | 14.1
Armour         | 1 2 4 5 6 |  6.0
Evocations     | 1 2 3 4 5 6 7 8 9 10 | 10.0
Dodging        | 2 3 4 5 6 7 8 9 10 11 12 13 | 13.8
Fire Magic     | 4 7 9 11 12 13 15 16 17 18 19 20 | 20.5
Stealth        | 4 5 |  5.0
Transmutations | |  0.7

Action                   |  1- 3 |  4- 6 |  7- 9 | 10-12 | 13-15 | 16-18 | 19-21 | 22-24 | 25-27 || total
-------------------------+-------+-------+-------+-------+-------+-------+-------+-------+-------++-------
Melee: Unarmed           |    53 |       |       |     1 |       |       |       |       |       ||    54
       Short sword       |    96 |   108 |       |       |       |       |       |       |       ||   204
       Club              |     2 |       |       |       |       |       |       |       |       ||     2
       Dagger            |       |    54 |   263 |   890 |  1073 |   729 |       |       |       ||  3009
       Double sword      |       |       |       |       |       |   553 |   711 |   697 |    23 ||  1984
       Eveningstar       |       |       |       |       |       |       |       |       |   404 ||   404
       Demon whip        |       |       |       |       |       |       |       |       |   140 ||   140
 Cast: Sandblast         |    21 |    39 |    94 |    77 |    19 |    28 |     6 |     4 |       ||   288
       Stone Arrow       |       |     1 |     1 |    10 |    31 |     2 |     1 |       |       ||    46
       Lee's Rapid Decon |       |       |     6 |    65 |   100 |    65 |    50 |    16 |     6 ||   308
       Fireball          |       |       |       |    10 |    19 |    36 |    40 |     1 |       ||   106
       Dazzling Flash    |       |       |       |     8 |       |       |       |       |       ||     8
       Iron Shot         |       |       |       |       |    36 |   131 |    78 |    72 |    52 ||   369
       Irradiate         |       |       |       |       |     6 |    21 |       |       |       ||    27
       Starburst         |       |       |       |       |       |    48 |     1 |       |       ||    49
       Ignition          |       |       |       |       |       |    13 |    79 |   121 |    25 ||   238
       Shatter           |       |       |       |       |       |       |       |     5 |    36 ||    41
       Borgnjor's Vile C |       |       |       |       |       |       |       |       |     2 ||     2
 Abil: Fly               |       |       |       |       |     1 |       |       |       |       ||     1
       Evoke Invisibilit |       |       |       |       |       |     1 |     3 |       |       ||     4
Evoke: Wand              |       |     8 |     3 |    19 |    23 |     5 |     1 |       |       ||    59
       Lightning rod     |       |       |       |     5 |     5 |       |       |       |       ||    10
       Condenser vane    |       |       |       |       |       |     3 |     3 |     1 |       ||     7
  Use: Potion            |     2 |       |       |     1 |     6 |     9 |     5 |     4 |     9 ||    36
       Scroll            |       |    11 |     4 |    18 |    16 |    18 |    10 |    17 |     6 ||   100
 Stab: Sleeping          |     2 |     4 |     3 |     5 |     3 |     2 |     2 |     7 |     5 ||    33
       Distracted        |       |     1 |       |       |       |     1 |       |       |     2 ||     4
       Paralysed         |       |       |       |     1 |       |       |       |       |       ||     1
       Invisible         |       |       |       |     3 |       |       |     4 |     1 |       ||     8
Armor: Robe              |    93 |   108 |   114 |    62 |       |       |       |       |       ||   377
       Troll leather arm |       |       |       |   488 |   680 |  1292 |   854 |   616 |   482 ||  4412
       Leather armour    |       |       |       |       |    21 |       |       |       |       ||    21
Dodge: Dodged            |   185 |   147 |   195 |   824 |   871 |  1894 |  1178 |  1080 |   799 ||  7173
       Rpst.: Double sword |       |       |       |       |       |   254 |   242 |   229 |     7 ||   732

Table legend: (Time is in decaauts)
 A = Elapsed time spent in this place.
 B = Non-inter-level travel time spent in this place.
 C = Inter-level travel time spent in this place.
 D = Time resting spent in this place.
 E = Time spent auto-exploring this place.
 F = Levels seen in this place.
 G = Mean time per level.
                   A        B        C        D        E       F      G
               +--------+--------+--------+--------+--------+-----+--------+
         Total |  59775 |  55861 |   3914 |   9703 |  30174 |  52 | 1149.5 |
       Dungeon |  18826 |  17596 |   1230 |   2813 |  10178 |  15 | 1255.1 |
        Temple |    212 |    198 |     14 |      0 |    196 |   1 |  212.0 |
          Lair |   8121 |   7531 |    590 |    747 |   4489 |   6 | 1353.5 |
         Swamp |   3940 |   3834 |    106 |    387 |   2518 |   4 |  985.0 |
     Snake Pit |   8073 |   7489 |    584 |   2275 |   3510 |   4 | 2018.2 |
  Orcish Mines |   2045 |   1876 |    169 |    206 |   1110 |   2 | 1022.5 |
   Elven Halls |   3613 |   3378 |    235 |    421 |   1874 |   3 | 1204.3 |
        Vaults |   7213 |   6453 |    760 |    816 |   3846 |   5 | 1442.6 |
         Crypt |   2760 |   2640 |    120 |    299 |   1514 |   3 |  920.0 |
        Depths |   1539 |   1438 |    101 |    470 |    413 |   2 |  769.5 |
         Abyss |    777 |    777 |      0 |    151 |    180 |   3 |  259.0 |
        Bailey |    638 |    638 |      0 |    245 |      8 |   1 |  638.0 |
      Ice Cave |    728 |    728 |      0 |    587 |      0 |   1 |  728.0 |
       Volcano |    508 |    508 |      0 |    286 |     77 |   1 |  508.0 |
        Wizlab |    777 |    777 |      0 |      0 |    260 |   1 |  777.0 |
               +--------+--------+--------+--------+--------+-----+--------+

Top non-repeatable levels by time:
 Snake:4: 3126 daAuts
    D:13: 2382 daAuts
Vaults:3: 2299 daAuts
 Snake:3: 1967 daAuts
Vaults:2: 1966 daAuts
  Lair:5: 1759 daAuts
     D:3: 1732 daAuts
    D:11: 1714 daAuts
 Snake:2: 1669 daAuts
  Lair:6: 1578 daAuts
   Elf:3: 1514 daAuts
Vaults:1: 1485 daAuts
    D:12: 1484 daAuts
     D:1: 1473 daAuts
Vaults:4: 1456 daAuts
